 Dungeon Crawl Stone Soup version 0.22-a0-538-g76cc104 (webtiles) character file.

140 inc the Digger (level 5, -1/31 HPs)
             Began as an Octopode Earth Elementalist on June 23, 2018.
             Killed by nerve-wracking pain
             ... invoked by Grinder
              (5 damage)
             ... on level 3 of the Dungeon.
             The game lasted 00:04:42 (2657 turns).

inc the Digger (Octopode Earth Elementalist)        Turns: 2657, Time: 00:04:43

Health: -1/31      AC:  8    Str:  8    XL:     5   Next: 23%
Magic:  8/8        EV: 13    Int: 18    God:
Gold:   90         SH:  0    Dex: 12    Spells: 2/8 levels left

rFire    . . .     SeeInvis .   l - +0 dagger (protect)
rCold    . . .     Gourm    .   (no shield)
rNeg     . . .     Faith    .   (helmet restricted)
rPois    .         Spirit   .   (no amulet)
rElec    .         Reflect  .   (no ring)
rCorr    .         Harm     .   (no ring)
MR       .....                  (no ring)
Stlth    +++.......             (no ring)
HPRegen  0.10/turn              (no ring)
MPRegen  0.11/turn              (no ring)
                                (no ring)
                                (no ring)

@: protection aura
A: almost no armour, stealthy swim, amphibious, 8 rings, constrict 8, camouflage
1, gelatinous body 1
a: no special abilities


You were on level 3 of the Dungeon.
You were not hungry.

You visited 1 branch of the dungeon, and saw 3 of its levels.

You collected 90 gold pieces.

Inventory:

Hand Weapons
 j - a +0 short sword
 l - a +0 dagger of protection (weapon)
Missiles
 b - 45 stones (quivered)
Jewellery
 g - an uncursed ring of resist corrosion {unknown}
Scrolls
 a - a scroll of remove curse {unknown}
 e - a scroll of noise {unknown}
 h - 2 scrolls of identify {unknown}
 k - a scroll of fear {unknown}
Potions
 d - a potion of might {unknown}
 f - a potion of ambrosia {unknown}
 i - a potion of curing {unknown}
Comestibles
 c - a ration


   Skills:
 - Level 2.0 Dodging
 - Level 2.6 Stealth
 - Level 2.0 Spellcasting
 + Level 2.5 Conjurations
 - Level 1.0 Transmutations
 - Level 5.0 Earth Magic


You had 2 spell levels left.
You knew the following spells:

 Your Spells              Type           Power        Failure   Level  Hunger
a - Sandblast             Erth           ###...       2%          1    #......
b - Stone Arrow           Conj/Erth      ###...       12%         3    ###....
f - Passwall              Tmut/Erth      ##......     8%          2    ###....

Your spell library contained the following spells:

 Spells                   Type           Power        Failure   Level  Hunger
 Lee's Rapid Deconstruct  Erth           ###.......   54%         5    ######.
 Petrify                  Tmut/Erth      ##......     45%         4    #####..


Dungeon Overview and Level Annotations

Branches:
Dungeon (3/15)

Altars:
Elyvilon
Okawaru

Annotations:
D:3 Grinder


Innate Abilities, Weirdness & Mutations

You cannot wear most types of armour.
You are very stealthy in the water. (Stealth+)
You are amphibious.
You can wear up to eight rings at the same time.
You can use your tentacles to constrict eight enemies at once.
Your skin changes colour to match your surroundings (Stealth+).
Your rubbery body absorbs attacks. (AC +1, EV +1)


Message History

You hit Grinder. Your grab misses Grinder.
Grinder is lightly wounded.
Grinder closely misses you.
Unknown command.
You hit Grinder. Your grab misses Grinder. You squeeze Grinder.
Grinder is lightly wounded.
Grinder gestures at you. Pain shoots through your body!
* * * LOW HITPOINT WARNING * * *
Unknown command.
Unknown command.
You hit Grinder but do no damage. Your grab misses Grinder.
You squeeze Grinder.
Grinder is moderately wounded.
Grinder blinks!
Unknown command.
Grinder says, "FISH!"
Grinder gestures at you. Pain shoots through your body!
You die...

.....##...##............#
........####..............#
......### #................#
........# #.........#........
......#.# #.........#..>.....
#.....#... ##...<.............
#.....# #.####................
#.....###.....................
#...............@.......
#.....##.###............
#####.##..#.............
#..##....[..............
##..)...................
####?.5................. ###
##..................?##..
#...................#...
###....................$


You could see Grinder.

Vanquished Creatures
  An orc priest (D:3)
  A gnoll (D:1)
  An adder (D:2)
  4 adder zombies (D:2)
  An adder skeleton (D:2)
  2 worms (D:2)
  3 dart slugs
  A leopard gecko (D:2)
  9 orcs (D:3)
  4 bats
  6 goblins
  8 hobgoblins
  7 kobolds
  4 frilled lizards
  5 rats
57 creatures vanquished.

Notes
Turn   | Place    | Note
-------+----------+-------------------------------------------
     0 | D:1      | inc the Octopode Earth Elementalist began the quest for the Orb.
     0 | D:1      | Reached XP level 1. HP: 11/11 MP: 3/3
   317 | D:1      | Reached XP level 2. HP: 17/17 MP: 0/5
   696 | D:1      | Reached skill level 4 in Earth Magic
   696 | D:1      | Reached XP level 3. HP: 21/21 MP: 3/6
  1413 | D:2      | Reached XP level 4. HP: 27/27 MP: 4/7
  1761 | D:2      | Found a white marble altar of Elyvilon.
  1788 | D:2      | Reached skill level 5 in Earth Magic
  1973 | D:2      | Learned a level 2 spell: Passwall
  1977 | D:2      | Learned a level 3 spell: Stone Arrow
  2186 | D:3      | Noticed Grinder
  2361 | D:3      | Reached skill level 1 in Conjurations
  2364 | D:3      | Reached XP level 5. HP: 31/31 MP: 0/8
  2480 | D:3      | Found an iron altar of Okawaru.
  2657 | D:3      | Killed from afar by Grinder

Vault maps used:
D:1:      noname_arrival_rooms_in_the_neighbourhood, minmay_misc_feat_five
D:2:      marbit_many_paths, serial_undead, serial_undead_a, serial_undead_b,
          serial_undead_c, serial_undead_d
D:3:      tgw_trog, okawaru_metal_pillars_3, uniq_grinder

Skill      XL: |  1  2  3  4 |
---------------+-------------+-----
Earth Magic    | 4 5 |  5.0
Conjurations   | 2 |  2.5
Dodging        | |  2.0
Stealth        | |  2.6
Spellcasting   | |  2.0
Transmutations | |  1.0

Action                   |  1- 3 |  4- 6 || total
-------------------------+-------+-------++-------
Melee: Unarmed           |    10 |    23 ||    33
       Constrict         |     3 |     9 ||    12
       Tentacles         |     1 |     5 ||     6
       Dagger            |       |    19 ||    19
 Cast: Sandblast         |    35 |    33 ||    68
       Stone Arrow       |       |     1 ||     1
 Stab: Sleeping          |     2 |     2 ||     4
  Eat: Chunk             |     2 |     4 ||     6
Armor: Skin              |       |     3 ||     3
Dodge: Dodged            |    16 |    41 ||    57

Table legend:
 A = Spawn XP
 B = Non-spawn XP
 C = Spawn XP percentage of total XP
 D = Spawn monster count
 E = Non-spawn monster count
 F = Spawn count percentage of total count
 G = Total turns spent on level
                    A         B        C        D         E        F      G
               +---------+---------+-------+---------+---------+-------+---------
         Total |       0 |     201 |   0.0 |       0 |      57 |   0.0 |  2657
               +---------+---------+-------+---------+---------+-------+---------
           D:1 |       0 |      40 |   0.0 |       0 |      16 |   0.0 |  1092
           D:2 |       0 |      74 |   0.0 |       0 |      20 |   0.0 |  1243
           D:3 |       0 |      87 |   0.0 |       0 |      21 |   0.0 |   322
               +---------+---------+-------+---------+---------+-------+---------
